cohdb
Replays
Latest Replays
All Replays
Popular Replays
Top Player Replays
Match Explorer
How It Works
Community
CoH3 Stats
Reddit
Sign in to upload your games and track your stats! →
Sign in with Steam
Match 25031984
Unlisted
Match 25031984
Overview
Messages
Build Orders
End
Kettenkrad Recon Vehicle
Construct Infanterie Kompanie
MG 42 Machine Gun Team
Selects Luftwaffe Battlegroup
Selects Luftwaffe Pioneer Support
Grenadier Squad
GrW 34 Mortar Team
Medical Station
MG 42 Machine Gun Team
Construct Panzergrenadier Kompanie
Panzergrenadier Squad
Selects LG40 Recoilless Gun Paradrop
LG40 Recoilless Gun Paradrop
Panzergrenadier Squad
LG40 Recoilless Gun Paradrop
Kettenkrad Recon Vehicle
Construct Panzer Kompanie
Selects Infantry Reserves
Selects Stuka Strafing Run
Pioneer Squad
Panzer IV Medium Tank
Panzergrenadier Squad
Selects Fallschirmjäger Squad Paradrop
Sturmpanzer IV Brummbär
Sturmpanzer IV Brummbär
DIV 250 BigBoss
^3
Garzet
[CyPu]Lord Chaos
0
0
Comments
sign in to comment!
No comments posted yet!